TOP OF THE 1ST |
Pittsburgh Pirates batting - Pitching for Atlanta Braves : RHP Curt Stevens
|
Pitching: RHP Curt Stevens
|
|
Batting: RHB Mike Bates
|
0-0: Swinging Strike 0-1: Foul Ball, location: 2F 0-2: Strikes out swinging
|
Batting: RHB Raul Mendoza
|
0-0: Called Strike 0-1: Ball 1-1: Foul Ball, location: 2F 1-2: SINGLE (Line Drive, 7S, EV 110.0 MPH)
|
Batting: SHB Marvin McAleer
|
0-0: Called Strike 0-1: Ball 1-1: Foul Ball, location: 2F 1-2: Foul Ball, location: 2F 1-2: Foul Ball, location: 2F 1-2: Strikes out swinging
|
Batting: LHB Micah Boshnjaku
|
0-0: Ball 1-0: Foul Ball, location: 2F 1-1: Fly out, F8 (Flyball, 8LM, EV 88.1 MPH)
|
Top of the 1st over - 0 runs, 1 hit, 0 errors, 1 left on base; Pittsburgh 0 - Atlanta 0 |
BOTTOM OF THE 1ST |
Atlanta Braves batting - Pitching for Pittsburgh Pirates : RHP Isaac Spikes
|
Pitching: RHP Isaac Spikes
|
|
Batting: RHB Jeckel Hester
|
0-0: Called Strike 0-1: Ground out 3-1 (Groundball, 34, EV 98.8 MPH)
|
Batting: SHB Jason Woods
|
0-0: Ball 1-0: Foul Ball, location: 2F 1-1: Ground out U3 (Groundball, 3, EV 93.8 MPH)
|
Batting: SHB Terry Tuckfard
|
0-0: Foul Ball, location: 2F 0-1: Foul Ball, location: 2F 0-2: Ball 1-2: Ball 2-2: Ball 3-2: Fly out, F7 (Flyball, 78D, EV 98.1 MPH)
|
Bottom of the 1st over - 0 runs, 0 hits, 0 errors, 0 left on base; Pittsburgh 0 - Atlanta 0 |
TOP OF THE 2ND |
Pittsburgh Pirates batting - Pitching for Atlanta Braves : RHP Curt Stevens
|
Batting: RHB Andrew Robinson
|
0-0: Foul Ball, location: 2F 0-1: Called Strike 0-2: Strikes out swinging
|
Batting: LHB Xavier Pittman
|
0-0: Ball 1-0: Ball 2-0: Called Strike 2-1: Swinging Strike 2-2: Strikes out looking
|
Batting: RHB Eisse Bravenboer
|
0-0: Called Strike 0-1: Swinging Strike 0-2: Ball 1-2: Ground out 6-3 (Groundball, 6, EV 91.9 MPH)
|
Top of the 2nd over - 0 runs, 0 hits, 0 errors, 0 left on base; Pittsburgh 0 - Atlanta 0 |
BOTTOM OF THE 2ND |
Atlanta Braves batting - Pitching for Pittsburgh Pirates : RHP Isaac Spikes
|
Batting: RHB Ike Trout
|
0-0: SOLO HOME RUN (Flyball, 7D, EV 101.9 MPH), Distance : 405 ft
|
Batting: LHB Erik Gretzky
|
0-0: Called Strike 0-1: Foul Ball, location: 2F 0-2: Ball 1-2: Ball 2-2: Foul Ball, location: 2F 2-2: SOLO HOME RUN (Flyball, 9LD, EV 96.9 MPH), Distance : 352 ft
|
Batting: RHB Luis Torres
|
0-0: Foul Ball, location: 2F 0-1: Called Strike 0-2: Foul Ball, location: 2F 0-2: Ball 1-2: Fly out, F9 (Flyball, 89S, EV 88.1 MPH)
|
Batting: RHB Xavier Davis
|
0-0: Ball 1-0: Called Strike 1-1: Foul Ball, location: 2F 1-2: Strikes out swinging
|
Batting: RHB Jordan Martin
|
0-0: Ball 1-0: Called Strike 1-1: SINGLE (Groundball, 6MD, EV 109.4 MPH)
|
Batting: LHB Cody Schumacher
|
0-0: Called Strike 0-1: Called Strike Jordan Martin is caught stealing 2nd base 2-6
|
Bottom of the 2nd over - 2 runs, 3 hits, 0 errors, 0 left on base; Pittsburgh 0 - Atlanta 2 |
TOP OF THE 3RD |
Pittsburgh Pirates batting - Pitching for Atlanta Braves : RHP Curt Stevens
|
Batting: LHB Josh Cook
|
0-0: Called Strike 0-1: Ball 1-1: Called Strike 1-2: Foul Ball, location: 2F 1-2: Ball 2-2: Foul Ball, location: 2F 2-2: Fly out, F9 (Flyball, 89M, EV 74.4 MPH)
|
Batting: RHB Bubba Tierney
|
0-0: Foul Ball, location: 2F 0-1: Foul Ball, location: 2F 0-2: Strikes out swinging
|
Batting: RHB Mike Bates
|
0-0: Swinging Strike 0-1: Foul Ball, location: 2F 0-2: Ball 1-2: Ball 2-2: Ground out 6-3 (Groundball, 6, EV 90.0 MPH)
|
Top of the 3rd over - 0 runs, 0 hits, 0 errors, 0 left on base; Pittsburgh 0 - Atlanta 2 |
BOTTOM OF THE 3RD |
Atlanta Braves batting - Pitching for Pittsburgh Pirates : RHP Isaac Spikes
|
Batting: LHB Cody Schumacher
|
0-0: SINGLE (Line Drive, 89S, EV 85.0 MPH)
|
Batting: RHB Jeckel Hester
|
0-0: Sac Bunt to 3S - play at first, batter OUT! 3-1 Cody Schumacher to second
|
Batting: SHB Jason Woods
|
0-0: Foul Ball, location: 2F 0-1: Called Strike 0-2: Foul Ball, location: 2F 0-2: Strikes out looking
|
Batting: SHB Terry Tuckfard
|
0-0: Called Strike 0-1: Foul Ball, location: 2F 0-2: Ball 1-2: SINGLE (Line Drive, 4MD, EV 103.8 MPH) Cody Schumacher to third Runner from 3rd tries for Home, SAFE, throw by CF to home
|
Batting: RHB Ike Trout
|
0-0: Ball 1-0: Foul Ball, location: 2F 1-1: Ball 2-1: Fly out, F7 (Flyball, 78M, EV 88.8 MPH)
|
Bottom of the 3rd over - 1 run, 2 hits, 0 errors, 1 left on base; Pittsburgh 0 - Atlanta 3 |
TOP OF THE 4TH |
Pittsburgh Pirates batting - Pitching for Atlanta Braves : RHP Curt Stevens
|
Batting: RHB Raul Mendoza
|
0-0: Called Strike 0-1: Foul Ball, location: 2F 0-2: Ball 1-2: Ball 2-2: Foul Ball, location: 2F 2-2: Foul Ball, location: 2F 2-2: Ball 3-2: Foul Ball, location: 2F 3-2: Strikes out swinging
|
Batting: SHB Marvin McAleer
|
0-0: Ball 1-0: Swinging Strike 1-1: Foul Ball, location: 2F 1-2: Ball 2-2: Foul Ball, location: 2F 2-2: Strikes out swinging
|
Batting: LHB Micah Boshnjaku
|
0-0: Ball 1-0: Ground out 4-3 (Groundball, 4, EV 78.8 MPH)
|
Top of the 4th over - 0 runs, 0 hits, 0 errors, 0 left on base; Pittsburgh 0 - Atlanta 3 |
BOTTOM OF THE 4TH |
Atlanta Braves batting - Pitching for Pittsburgh Pirates : RHP Isaac Spikes
|
Batting: LHB Erik Gretzky
|
0-0: Ball 1-0: Ball 2-0: Called Strike 2-1: DOUBLE (Line Drive, 3D, EV 103.1 MPH)
|
Batting: RHB Luis Torres
|
0-0: SINGLE (Groundball, 6MD, EV 103.8 MPH) Erik Gretzky to third Runner from 3rd tries for Home, SAFE, throw by CF to home Luis Torres to second
|
Batting: RHB Xavier Davis
|
0-0: Called Strike 0-1: Ball 1-1: Swinging Strike 1-2: Foul Ball, location: 2F 1-2: Fly out, F4 (Line Drive, 4, EV 75.6 MPH)
|
Batting: RHB Jordan Martin
|
0-0: Called Strike 0-1: Ball 1-1: Ball 2-1: Foul Ball, location: 2F 2-2: Ball 3-2: Strikes out looking
|
Batting: LHB Cody Schumacher
|
0-0: Foul Ball, location: 2F 0-1: Ball 1-1: Called Strike 1-2: Strikes out looking
|
Bottom of the 4th over - 1 run, 2 hits, 0 errors, 1 left on base; Pittsburgh 0 - Atlanta 4 |
TOP OF THE 5TH |
Pittsburgh Pirates batting - Pitching for Atlanta Braves : RHP Curt Stevens
|
Batting: RHB Andrew Robinson
|
0-0: Foul Ball, location: 2F 0-1: Ball 1-1: Ball 2-1: Fly out, F8 (Flyball, 78M, EV 90.0 MPH)
|
Batting: LHB Xavier Pittman
|
0-0: Called Strike 0-1: Ball 1-1: Called Strike 1-2: Ground out U3 (Groundball, 3, EV 104.4 MPH)
|
Batting: RHB Eisse Bravenboer
|
0-0: Ball 1-0: Called Strike 1-1: Ball 2-1: Ball 3-1: Base on Balls
|
Batting: LHB Josh Cook
|
0-0: Called Strike 0-1: Foul Ball, location: 2F 0-2: Ball 1-2: Ball 2-2: Ball 3-2: Base on Balls Eisse Bravenboer to second
|
Batting: RHB Bubba Tierney
|
0-0: Fielders Choice at 2nd, 6-4 (Groundball, 6, EV 91.9 MPH)
|
Top of the 5th over - 0 runs, 0 hits, 0 errors, 2 left on base; Pittsburgh 0 - Atlanta 4 |
BOTTOM OF THE 5TH |
Atlanta Braves batting - Pitching for Pittsburgh Pirates : RHP Isaac Spikes
|
Batting: RHB Jeckel Hester
|
0-0: Called Strike 0-1: Fly out, F9 (Flyball, 9LD, EV 110.6 MPH)
|
Batting: SHB Jason Woods
|
0-0: Ball 1-0: Called Strike 1-1: Foul Ball, location: 2F 1-2: Ball 2-2: Fly out, F1 (Line Drive, P, EV 74.4 MPH)
|
Batting: SHB Terry Tuckfard
|
0-0: Ball 1-0: Ground out 4-3 (Groundball, 4, EV 109.4 MPH)
|
Bottom of the 5th over - 0 runs, 0 hits, 0 errors, 0 left on base; Pittsburgh 0 - Atlanta 4 |
TOP OF THE 6TH |
Pittsburgh Pirates batting - Pitching for Atlanta Braves : RHP Curt Stevens
|
Batting: RHB Mike Bates
|
0-0: Ball 1-0: Foul Ball, location: 2F 1-1: DOUBLE (Line Drive, 78M, EV 91.2 MPH)
|
Batting: RHB Raul Mendoza
|
0-0: Foul Ball, location: 2F 0-1: Called Strike 0-2: Ground out 5-3 (Groundball, 5L, EV 106.2 MPH)
|
Batting: SHB Marvin McAleer
|
0-0: Called Strike 0-1: Ball 1-1: Ground out 4-3 (Groundball, 4MS, EV 92.5 MPH) Mike Bates to third
|
Batting: LHB Micah Boshnjaku
|
0-0: Swinging Strike 0-1: Foul Ball, location: 2F 0-2: Reached on error, E5 (Groundball, 5S, EV 74.4 MPH) Mike Bates scores
|
Batting: RHB Andrew Robinson
|
0-0: Called Strike 0-1: Ball 1-1: Ball 2-1: Fielders Choice at 2nd, 6-4 (Groundball, 6, EV 100.6 MPH)
|
Top of the 6th over - 1 run, 1 hit, 1 error, 1 left on base; Pittsburgh 1 - Atlanta 4 |
BOTTOM OF THE 6TH |
Atlanta Braves batting - Pitching for Pittsburgh Pirates : RHP Isaac Spikes
|
Batting: RHB Ike Trout
|
0-0: Foul Ball, location: 2F 0-1: Foul Ball, location: 2F 0-2: SINGLE (Groundball, 6D, EV 105.6 MPH)
|
Batting: LHB Erik Gretzky
|
0-0: Called Strike 0-1: Foul Ball, location: 2F 0-2: Fly out, F7 (Flyball, 7D, EV 85.6 MPH)
|
Batting: RHB Luis Torres
|
0-0: Called Strike 0-1: SINGLE (Groundball, 34D, EV 111.9 MPH) Ike Trout to second Runner from 2nd tries for 3rd, SAFE, no throw by RF
|
Batting: RHB Xavier Davis
|
0-0: Called Strike Luis Torres is caught stealing 2nd base 2-4 0-1: Foul Ball, location: 2F 0-2: Ball 1-2: Fly out, F8 (Flyball, 8RM, EV 86.2 MPH)
|
Bottom of the 6th over - 0 runs, 2 hits, 0 errors, 1 left on base; Pittsburgh 1 - Atlanta 4 |
TOP OF THE 7TH |
Pittsburgh Pirates batting - Pitching for Atlanta Braves : RHP Curt Stevens
|
Batting: LHB Xavier Pittman
|
0-0: Called Strike 0-1: Ball 1-1: SINGLE (Groundball, 4MD, EV 96.2 MPH)
|
Batting: RHB Eisse Bravenboer
|
0-0: Ball 1-0: Ball 2-0: Called Strike 2-1: Foul Ball, location: 2F 2-2: Strikes out swinging
|
Batting: LHB Josh Cook
|
0-0: Foul Ball, location: 2F 0-1: Swinging Strike 0-2: Strikes out swinging
|
Pitching: RHP Andy Kiefer
|
|
Batting: RHB Bubba Tierney
|
0-0: Foul Ball, location: 2F 0-1: Ball 1-1: Ball 2-1: Ball 3-1: Base on Balls Xavier Pittman to second
|
Batting: RHB Mike Bates
|
0-0: Foul Ball, location: 2F 0-1: Called Strike 0-2: Ball 1-2: Ball 2-2: Fielders Choice at 2nd, U6 (Groundball, 6M, EV 106.9 MPH)
|
Top of the 7th over - 0 runs, 1 hit, 0 errors, 2 left on base; Pittsburgh 1 - Atlanta 4 |
BOTTOM OF THE 7TH |
Atlanta Braves batting - Pitching for Pittsburgh Pirates : RHP Isaac Spikes
|
Batting: RHB Jordan Martin
|
0-0: Swinging Strike 0-1: Ground out 1-3 (Groundball, 13S, EV 75.6 MPH)
|
Batting: LHB Cody Schumacher
|
0-0: SINGLE (Line Drive, 9LM, EV 103.8 MPH)
|
Batting: RHB Jeckel Hester
|
0-0: Ball 1-0: Ball 2-0: SINGLE (Line Drive, 56D, EV 96.9 MPH) Cody Schumacher to second Runner from 2nd tries for 3rd, OUT! 7-5
|
Batting: SHB Jason Woods
|
0-0: Ball 1-0: Ball 2-0: Called Strike 2-1: SINGLE (Groundball, 34D, EV 105.0 MPH) Jeckel Hester to second Runner from 2nd tries for 3rd, SAFE, throw by RF made to third Jason Woods to second
|
Batting: SHB Terry Tuckfard
|
0-0: Ball 1-0: Ball 2-0: Ground out 6-3 (Groundball, 4M, EV 83.8 MPH)
|
Bottom of the 7th over - 0 runs, 3 hits, 0 errors, 2 left on base; Pittsburgh 1 - Atlanta 4 |
TOP OF THE 8TH |
Pittsburgh Pirates batting - Pitching for Atlanta Braves : RHP Andy Kiefer
|
Batting: RHB Raul Mendoza
|
0-0: Swinging Strike 0-1: Ball 1-1: Foul Ball, location: 2F 1-2: Strikes out swinging
|
Batting: SHB Marvin McAleer
|
0-0: Ball 1-0: Called Strike 1-1: Called Strike 1-2: Foul Ball, location: 2F 1-2: Ball 2-2: Foul Ball, location: 2F 2-2: Strikes out swinging
|
Batting: LHB Micah Boshnjaku
|
0-0: Foul Ball, location: 2F 0-1: Ball 1-1: Foul Ball, location: 2F 1-2: Strikes out swinging
|
Top of the 8th over - 0 runs, 0 hits, 0 errors, 0 left on base; Pittsburgh 1 - Atlanta 4 |
BOTTOM OF THE 8TH |
Atlanta Braves batting - Pitching for Pittsburgh Pirates : RHP Isaac Spikes
|
Batting: RHB Ike Trout
|
0-0: Ball 1-0: Fly out, F9 (Flyball, 89S, EV 86.9 MPH)
|
Pitching: LHP Tim Wichman
|
|
Batting: LHB Erik Gretzky
|
0-0: Called Strike 0-1: Foul Ball, location: 2F 0-2: Ball 1-2: Foul Ball, location: 2F 1-2: Strikes out looking
|
Batting: RHB Luis Torres
|
0-0: Ball 1-0: Called Strike 1-1: Ball 2-1: Called Strike 2-2: Ball 3-2: Foul Ball, location: 2F 3-2: Ground out U3 (Groundball, 3S, EV 80.0 MPH)
|
Bottom of the 8th over - 0 runs, 0 hits, 0 errors, 0 left on base; Pittsburgh 1 - Atlanta 4 |
TOP OF THE 9TH |
Pittsburgh Pirates batting - Pitching for Atlanta Braves : RHP Andy Kiefer
|
Pitching: RHP Victor Munoz
|
|
Batting: RHB Andrew Robinson
|
0-0: Called Strike 0-1: Foul Ball, location: 2F 0-2: Foul Ball, location: 2F 0-2: Foul Ball, location: 2F 0-2: Ball 1-2: Strikes out looking
|
Batting: LHB Xavier Pittman
|
0-0: Ground out 5-3 (Groundball, 56S, EV 80.0 MPH)
|
Batting: RHB Eisse Bravenboer
|
0-0: Ball 1-0: Ground out 5-3 (Groundball, 56, EV 106.2 MPH)
|
Top of the 9th over - 0 runs, 0 hits, 0 errors, 0 left on base; Pittsburgh 1 - Atlanta 4 |
|